 Dungeon Crawl Stone Soup version 0.26-a0-1205-g4083c211ab (webtiles) character file.

Game seed: 13089358318451410878

0 Gargoyl the Skirmisher (level 1, -1/23 HPs)
             Began as a Gnoll Abyssal Knight on Dec 29, 2020.
             Was a Follower of Lugonu.
             Slain by an ufetubus (3 damage)
             ... on level 1 of the Abyss.
             The game lasted 00:00:11 (85 turns).

Gargoyl the Skirmisher (Gnoll Abyssal Knight)         Turns: 85, Time: 00:00:13

Health: -1/23      AC:  3    Str: 14      XL:     1   Next: 0%
Magic:  3/3        EV: 12    Int: 13 (14) God:    Lugonu [*.....]
Gold:   5          SH:  0    Dex: 14      Spells: 0/0 levels left

rFire    . . .     SeeInvis .   a - +1 hand axe
rCold    . . .     Faith    .   (no shield)
rNeg     . . .     Spirit   .   b - +0 leather armour
rPois    .         Reflect  .   (no helmet)
rElec    .         Harm     .   (no cloak)
rCorr    .         Rampage  .   (no gloves)
Will     .....                  (no boots)
Stlth    +.........             (no amulet)
HPRegen  0.07/turn              (no ring)
MPRegen  0.08/turn              (no ring)

@: no status effects
A: distributed training, fangs 1, deterioration 1, strong nose
a: Renounce Religion, Depart the Abyss


You were on level 1 of the Abyss.
You worshipped Lugonu.
Lugonu was aware of your devotion.
You visited 0 branches of the dungeon, and saw 0 of its levels.
You visited the Abyss 1 time.

You collected 5 gold pieces.

Inventory:

Hand Weapons
 a - a +1 hand axe (weapon)
Armour
 b - a +0 leather armour (worn)


   Skills:
 + Level 6.4 Fighting
 + Level 0.0 Short Blades
 + Level 0.0 Long Blades
 + Level 4.4 Axes
 + Level 0.0 Maces & Flails
 + Level 0.0 Polearms
 + Level 0.0 Staves
 + Level 0.0 Slings
 + Level 0.0 Bows
 + Level 0.0 Crossbows
 + Level 0.0 Throwing
 + Level 4.4 Armour
 + Level 2.3 Dodging
 + Level 0.0 Stealth
 + Level 0.0 Shields
 + Level 0.0 Unarmed Combat
 + Level 0.0 Spellcasting
 + Level 0.0 Conjurations
 + Level 0.0 Hexes
 + Level 0.0 Summonings
 + Level 0.0 Necromancy
 + Level 0.0 Translocations
 + Level 0.0 Transmutations
 + Level 0.0 Fire Magic
 + Level 0.0 Ice Magic
 + Level 0.0 Air Magic
 + Level 0.0 Earth Magic
 + Level 0.0 Poison Magic
 + Level 4.4 Invocations
 + Level 0.0 Evocations


You couldn't memorise any spells.
You didn't know any spells.
Your spell library was empty.

Dungeon Overview and Level Annotations

Branches:
Dungeon (0/15)

Altars:


Innate Abilities, Weirdness & Mutations

Your experience applies equally to all skills.
You have very sharp teeth.
Your uncanny sense of smell can sniff out nearby items.
Your body sometimes deteriorates upon taking damage.


Message History

Your body is wracked with pain!
The crimson imp blinks!
The neqoxec gestures at you.
Strange energies course through your body.
You feel yourself wasting away.
An ufetubus comes into view.
The ufetubus shouts!
A small abomination comes into view.
The crimson imp blinks!
A smoke demon comes into view.
The ufetubus closely misses you. x2
The ufetubus closely misses you. The ufetubus barely misses you.
The crimson imp blinks!
The ufetubus closely misses you. The ufetubus barely misses you.
The starcursed mass shrieks in your mind.
* * * LOW HITPOINT WARNING * * *
The ufetubus hits you.
* * * LOW HITPOINT WARNING * * *
Your body deteriorates!
You feel dopey. The ufetubus hits you.
You die...

.....### ## .#.......#.#
∆ #.......#..###.#
#.#..........#.#.#.
#.....8.......#....
#...............#
###...........### ...
##≈##.@x.5....#... ...#
...X≈##55....§...###...#
###≈≈≈#3..#.35.#.......
#≈≈≈#........#.....#
#.≈≈≈#..X......#5.#
...≈≈##...........#
..#≈##...........##
#####............#
#...#..#......##


You could see 2 starcursed masses, a smoke demon, a neqoxec, a small
abomination, an iron imp (summoned), a crimson imp (summoned), a white imp
(summoned) and an ufetubus.

Vanquished Creatures (others)
  A lurking horror (Abyss:1)
1 creature vanquished.

Notes
Turn   | Place    | Note
-------+----------+-------------------------------------------
     0 | Abyss:1  | Gargoyl the Gnoll Abyssal Knight began the quest for the
                  | Orb.
     0 | Abyss:1  | Reached XP level 1. HP: 23/23 MP: 3/3
     6 | Abyss:1  | Found a corrupted altar of Lugonu.
    57 | Abyss:1  | Noticed a starcursed mass
    73 | Abyss:1  | Noticed a neqoxec
    75 | Abyss:1  | Noticed an iron imp
    75 | Abyss:1  | Noticed a crimson imp
    76 | Abyss:1  | Gained mutation: Your body sometimes deteriorates upon
                  | taking damage. [a neqoxec]
    78 | Abyss:1  | Noticed a small abomination
    80 | Abyss:1  | Noticed a smoke demon
    85 | Abyss:1  | Slain by an ufetubus

Illustrated notes

Levels and vault maps discovered:
Abyss:1:  base: Temple, base:
Temple

Action                   || total
-------------------------++-------
Dodge: Dodged            ||     6

Table legend: (Time is in decaauts)
 A = Elapsed time spent in this place.
 B = Non-inter-level travel time spent in this place.
 C = Inter-level travel time spent in this place.
 D = Time resting spent in this place.
 E = Time spent auto-exploring this place.
 F = Levels seen in this place.
 G = Mean time per level.
                   A        B        C        D        E       F      G
               +--------+--------+--------+--------+--------+-----+--------+
         Total |     85 |     85 |      0 |      0 |     57 |   1 |   85.0 |
         Abyss |     85 |     85 |      0 |      0 |     57 |   1 |   85.0 |
               +--------+--------+--------+--------+--------+-----+--------+

Top non-repeatable levels by time:
 Abyss:1: 85 daAuts
